 Dungeon Crawl Stone Soup version 0.31-a0-221-gbddc013574 (webtiles) character file.

Game seed: 16050897994941136748

2529 omnomnOMINOUS the Trooper (level 9, -4/65 HPs)
             Began as an Octopode Wanderer on July 4, 2023.
             Was an Elder of Vehumet.
             Slain by a hornet (15 damage)
             ... on level 7 of the Dungeon.
             The game lasted 00:18:22 (6735 turns).

omnomnOMINOUS the Trooper (Octopode Wanderer)       Turns: 6735, Time: 00:18:23

Health: -4/65      AC:  1    Str: 11    XL:     9   Next: 54%
Magic:  2/13       EV: 16    Int: 21    God:    Vehumet [****..]
Gold:   471        SH:  0    Dex: 15    Spells: 8/14 levels left

rFire   . . .        a - +5 woodcutter's axe
rCold   . . .        (shield currently unavailable)
rNeg    . . .        (helmet restricted)
rPois   +            z - amulet of the acrobat
rElec   .            o - +6 ring of intelligence
rCorr   .            h - ring of poison resistance
SInv    +            n - ring of see invisible
Will    .....        (no ring)
Stlth   ++           (no ring)
HPRegen 0.30/turn    (no ring)
MPRegen 0.13/turn    (no ring)
                     (no ring)

%: acrobat
@: about to teleport
A: almost no armour, amphibious, 8 rings, camouflage 1, gelatinous body 1,
(nimble swimmer 1), tentacles
a: Renounce Religion


You were on level 7 of the Dungeon.
You worshipped Vehumet.
Vehumet was greatly pleased with you.
You visited 1 branch of the dungeon, and saw 7 of its levels.
You also visited: Ossuary.

You collected 471 gold pieces.

Inventory:

Hand Weapons
 a - the +5 woodcutter's axe (weapon)
   (You found it on level 6 of the Dungeon)
 b - the +7 quarterstaff of Becitit {pain, rC+ Dex+3}
   (You found it on level 4 of the Dungeon)

   Dex:       It affects your dexterity (+3).
   rC:        It protects you from cold.
 c - the +3 quarterstaff "Dyteulyu" {freeze, Int+3 Dex+4}
   (You found it on level 5 of the Dungeon)

   Int:       It affects your intelligence (+3).
   Dex:       It affects your dexterity (+4).
 d - the +5 falchion of Uncomfortable Rashes {freeze, *Slow rF+ Int+4 Stlth+}
   (You found it on level 3 of the Dungeon)

   Int:       It affects your intelligence (+4).
   rF:        It protects you from fire.
   *Slow:     It may slow you when you take damage.
   Stlth:     It makes you more stealthy.
Missiles
 C - a curare-tipped dart
Jewellery
 h - a ring of poison resistance (right tentacle)
 k - a ring of fire
 n - a ring of see invisible (on tentacle)
 o - a +6 ring of intelligence (left tentacle)
 z - an amulet of the acrobat (around mantle)
Wands
 p - a wand of flame (3)
Scrolls
 g - a scroll of fear
 i - 2 scrolls of fog
 l - a scroll of blinking
 m - a scroll of enchant weapon
 t - a scroll of vulnerability {unknown}
 v - a scroll of immolation {unknown}
 w - a scroll of silence {unknown}
 y - a scroll of noise {unknown}
 A - 2 scrolls of poison {unknown}
Potions
 f - 2 potions of ambrosia
 j - 3 potions of attraction {unknown}
 q - 2 potions of mutation {unknown}
 r - 2 potions of heal wounds
 x - 2 potions of berserk rage {unknown}
 D - a potion of curing


   Skills:
 + Level 7.7 Fighting
 - Level 3.0 Short Blades
 - Level 2.0 Polearms
 + Level 7.0 Dodging
 - Level 3.0 Spellcasting
 + Level 6.6 Conjurations
 - Level 1.1 Evocations


You had 8 spell levels left.
You knew the following spells:

 Your Spells              Type           Power      Damage    Failure   Level
a - Apportation           Tloc           6%         N/A       13%         1
b - Magic Dart            Conj           100%       1d8       1%          1
c - Iskenderun's Mystic   Conj/Tloc      17%        2d5       9%          4

Your spell library contained the following spells:

 Spells                   Type           Power      Damage    Failure   Level
 Lee's Rapid Deconstruct  Erth           1%         3d4*      63%         5
 Scorch                   Fire           6%         2d5       5%          2
 Flame Wave               Conj/Fire      17%        2d7       9%          4
 Necrotise                Necr           12%        1d4       13%         1
 Summon Small Mammal      Summ           12%        N/A       13%         1
 Tukima's Dance           Hex            3%         N/A       36%         3
 Yara's Violent Unravell  Hex/Tmut       1%         3d3       63%         5
 Manifold Assault         Tloc           3%         N/A       78%         4
 Passage of Golubria      Tloc           3%         N/A       78%         4
 Dispersal                Tloc           1%         N/A       100%        6
 Summon Cactus Giant      Summ           1%         N/A       100%        6
 Malign Gateway           Summ/Tloc      1%         N/A       100%        7
 Disjunction              Tloc           1%         N/A       100%        8
 Summon Horrible Things   Summ           1%         N/A       100%        8


Dungeon Overview and Level Annotations

Branches:
Dungeon (7/15)             Temple (0/1) D:6         Ossuary (visited)

Altars:
Ashenzari
Fedhas
Gozag
Makhleb
Vehumet
Wu Jian
Yredelemnul

Shops:
D:4 *

Annotations:
D:7 Pikel


Innate Abilities, Weirdness & Mutations

You cannot wear most types of armour.
You are amphibious.
You can wear up to eight rings at the same time.
Your skin changes colour to match your surroundings (Stealth+).
Your rubbery body absorbs attacks. (AC +1, EV +1)
((You are camouflaged when in or above water. (Stealth+)))
You have tentacles for arms and can constrict up to eight enemies at once.


Message History

The mystic blast hits the lemure!
The lemure is moderately wounded.
The lemure is knocked back by the mystic blast.
The mystic blast hits the iguana!
You kill the iguana!
Vehumet accepts your kill.
You feel your power returning.
Things that are here:
a +0 dagger; a +0 ring mail
As you read the scroll of teleportation, it crumbles to dust.
You feel strangely unstable.
Casting: Iskenderun's Mystic Blast (dangerous; 9% risk of failure)
Confirm with . or Enter, or press ? or * to list all spells.
You erupt in a blast of force!
The mystic blast hits the lemure.
The lemure is lightly wounded.
The lemure is knocked back by the mystic blast.
The mystic blast hits the lemure!
The lemure is heavily wounded.
The lemure is knocked back by the mystic blast.
The mystic blast hits the hornet but does no damage.
The hornet is lightly wounded.
The hornet misses you. The hornet stings you!!
* * * LOW HITPOINT WARNING * * *
Unknown command.
Casting: Iskenderun's Mystic Blast (dangerous; 9% risk of failure)
Confirm with . or Enter, or press ? or * to list all spells.
You erupt in a blast of force!
The mystic blast hits Pikel!
Pikel is almost dead.
Pikel is knocked back by the mystic blast.
The mystic blast hits the lemure.
The lemure is severely wounded.
The lemure is knocked back by the mystic blast.
The mystic blast hits the lemure.
The lemure is moderately wounded.
The lemure is knocked back by the mystic blast.
The lemure collides with the lemure!
The mystic blast hits the hornet but does no damage.
The hornet is lightly wounded.
The hornet stings you!
You die...

.#.####..#..#.....
..................
.#...#.#...#.....
..#.#...#.#......
..#.....#...#... .
#.....#..#...
###.....###...# #.
#..#...#..#..#.
#...###@..#.#...#
#. #..y#...#...#..
#...†.#..#..#...
#......5..#####...
#..#..5..#K. #..
#...#.K.#...# #.
#.5..###...#5#
#...# ..# ..# #..#
##. ..


You could see Pikel (invisible), a hornet and 3 lemures.

Vanquished Creatures
  A hornet (D:6)
  Sigmund (D:2)
  Edmund (D:6)
  3 water moccasins
  An orc warrior (D:6)
  A black bear (D:5)
  A phantom (D:4)
  A kobold brigand (D:6)
  Blork the orc (D:5)
  2 elf zombies (Ossuary)
  2 bullfrogs (D:6)
  A gnoll sergeant (D:5)
  5 wights (D:6)
  A howler monkey (D:6)
  A human zombie (Ossuary)
  2 hounds
  A jelly (D:6)
  3 orc priests
  Jessica (D:2)
  A sleepcap (D:6)
  2 iguanas
  3 hound zombies (Ossuary)
  3 mummies (Ossuary)
  6 gnolls
  10 adders
  A shadow imp (D:6)
  An ufetubus (D:4)
  2 adder zombies (Ossuary)
  A worm (D:3)
  2 dart slugs (D:1)
  12 orcs
  2 endoplasms
  2 giant cockroaches
  A gnoll zombie (Ossuary)
  15 goblins
  15 hobgoblins
  3 jackals (D:3)
  5 quokkas
  8 ball pythons
  5 bats
  4 frilled lizards
  5 goblin zombies (Ossuary)
  4 hobgoblin zombies (Ossuary)
  4 jackal zombies (Ossuary)
  11 kobolds
  2 kobold zombies (Ossuary)
  2 orc zombies (Ossuary)
  7 quokka zombies (Ossuary)
  2 rats
  2 rat zombies (Ossuary)
  A spectral orc (D:4)
174 creatures vanquished.

Notes
Turn   | Place    | Note
-------+----------+-------------------------------------------
     0 | D:1      | omnomnOMINOUS the Octopode Wanderer began the quest for the
                  | Orb.
     0 | D:1      | omnomnOMINOUS set off with the following items: a +0
                  | rapier, a +0 spear, a wand of flame (4), a potion of
                  | curing.
     0 | D:1      | Reached XP level 1. HP: 16/16 MP: 1/1
   172 | D:1      | Reached XP level 2. HP: 21/21 MP: 2/2
   179 | D:1      | Learned a level 1 spell: Apportation
   388 | D:1      | Reached skill level 1 in Spellcasting
   515 | D:1      | Reached XP level 3. HP: 17/26 MP: 4/4
  1011 | D:2      | Found a faded altar of an unknown god.
  1032 | D:2      | Prayed at the altar of an unknown god.
  1032 | D:2      | Became a worshipper of Vehumet
  1032 | D:2      | Reached * piety under Vehumet
  1032 | D:2      | Offered knowledge of Magic Dart by Vehumet.
  1035 | D:2      | Learned a level 1 spell: Magic Dart
  1056 | D:2      | Noticed Jessica
  1059 | D:2      | Killed Jessica
  1060 | D:2      | Reached XP level 4. HP: 33/33 MP: 6/6
  1385 | D:2      | Noticed Sigmund
  1402 | D:2      | Killed Sigmund
  1403 | D:2      | Reached XP level 5. HP: 13/37 MP: 6/8
  1403 | D:2      | Reached XP level 6. HP: 15/43 MP: 6/9
  2071 | D:3      | Reached ** piety under Vehumet
  2266 | D:3      | Offered knowledge of Sandblast by Vehumet.
  2547 | D:3      | Identified the +5 falchion of Uncomfortable Rashes {freeze,
                  | *Slow rF+ Int+4 Stlth+}
  2864 | D:4      | Found a blossoming altar of Fedhas.
  3049 | D:4      | Found an ornate altar of the Wu Jian Council.
  3130 | D:4      | Identified the +7 quarterstaff of Becitit {pain, rC+ Dex+3}
  3217 | D:4      | Reached XP level 7. HP: 35/49 MP: 11/11
  3329 | D:4      | Found a basalt altar of Yredelemnul.
  3706 | D:4      | Found Hagarate's Serpentskin Sales.
  3711 | D:4      | Reached skill level 5 in Fighting
  3785 | D:5      | Entered Level 5 of the Dungeon
  3827 | D:5      | Found a burning altar of Makhleb.
  3873 | D:5      | Reached XP level 8. HP: 38/56 MP: 10/12
  3875 | D:5      | Identified the +3 quarterstaff "Dyteulyu" {freeze, Int+3
                  | Dex+4}
  3882 | D:5      | Found a sand-covered staircase.
  3887 | Ossuary  | Entered an ossuary
  4015 | Ossuary  | Offered knowledge of Volatile Blastmotes by Vehumet.
  4017 | Ossuary  | Reached skill level 5 in Dodging
  4101 | Ossuary  | Reached *** piety under Vehumet
  4316 | Ossuary  | Offered knowledge of Iskenderun's Mystic Blast by Vehumet.
  4324 | Ossuary  | Learned a level 4 spell: Iskenderun's Mystic Blast
  4783 | D:5      | Found an opulent altar of Gozag.
  4811 | D:5      | Noticed Blork the orc
  4812 | D:5      | Found a broken altar of Ashenzari.
  4819 | D:5      | Killed Blork the orc
  4820 | D:5      | Reached skill level 5 in Conjurations
  4956 | D:6      | Noticed Edmund
  4966 | D:6      | Killed Edmund
  5132 | D:6      | Reached **** piety under Vehumet
  5170 | D:6      | Found the +5 woodcutter's axe
  5217 | D:6      | Reached XP level 9. HP: 63/63 MP: 13/13
  5257 | D:6      | Offered knowledge of Lee's Rapid Deconstruction by Vehumet.
  5470 | D:6      | Noticed a hornet
  5472 | D:6      | Paralysed by a hornet for 3 turns
  5690 | D:6      | Killed a hornet
  6284 | D:6      | Found a staircase to the Ecumenical Temple.
  6721 | D:7      | Noticed Pikel
  6727 | D:7      | Noticed a hornet
  6735 | D:7      | Slain by a hornet

Illustrated notes

Levels and vault maps discovered:
D:1:      amcnicky_arrival_abandoned_market, layout_basic
D:2:      cheibrodos_greedy_goblins, layout_basic,
          nicolae_ecumenical_snake_handling, uniq_sigmund, uniq_jessica
D:3:      layout_loops_ring
D:4:      layout_loops_ring, yredelemnul_forgotten_temple_becter,
          amcnicky_altar_gilded, mainiacjoe_overflow_catwalk,
          mrwooster_statue_mirror, guppyfry_shop_venom
D:5:      layout_cave_pools, mainiacjoe_overflow_surrounded_room,
          mainiacjoe_overflow_two_lobes, enter_ossuary_2, uniq_blork_the_orc
D:6:      layout_loops_ring, lemuel_temple_firewalk_b, uniq_edmund
D:7:      layout_basic, minmay_splitting_lines, uniq_pikel

Skill      XL: |  1  2  3  4  5  6  7  8  9 |
---------------+----------------------------+-----
Spellcasting   | 1 2 3 |  3.0
Dodging        | 2 3 4 6 7 |  7.0
Fighting       | 4 5 6 7 |  7.7
Conjurations   | 2 4 5 6 |  6.6
Short Blades   | |  3.0
Polearms       | |  2.0
Evocations     | |  1.1

Action                     |  1- 3 |  4- 6 |  7- 9 || total
---------------------------+-------+-------+-------++-------
  Melee: Spear             |    79 |    91 |       ||   170
         Constrict         |    20 |    25 |    55 ||   100
         Tentacles         |    14 |    19 |    54 ||    87
         Punch             |     1 |     2 |     7 ||    10
         Falchion          |       |    27 |       ||    27
         Quarterstaff      |       |     5 |   146 ||   151
         Battleaxe         |       |       |    68 ||    68
  Throw: Dart              |       |       |     1 ||     1
   Cast: Magic Dart        |       |       |     4 ||     4
         Iskenderun's Myst |       |       |     6 ||     6
  Evoke: Wand              |       |     1 |       ||     1
    Use: Scroll            |       |       |    12 ||    12
         Potion            |       |       |     2 ||     2
   Stab: Sleeping          |     6 |    10 |     5 ||    21
         Distracted        |       |       |     1 ||     1
 Armour: Skin              |    10 |     3 |    14 ||    27
  Dodge: Dodged            |    47 |    57 |   172 ||   276

Table legend: (Time is in decaauts)
 A = Elapsed time spent in this place.
 B = Non-inter-level travel time spent in this place.
 C = Inter-level travel time spent in this place.
 D = Time resting spent in this place.
 E = Time spent auto-exploring this place.
 F = Levels seen in this place.
 G = Mean time per level.
                   A        B        C        D        E       F      G
               +--------+--------+--------+--------+--------+-----+--------+
         Total |   6777 |   6517 |    260 |   1082 |   4248 |   8 |  847.1 |
       Dungeon |   6227 |   5967 |    260 |    890 |   4040 |   7 |  889.6 |
       Ossuary |    550 |    550 |      0 |    192 |    208 |   1 |  550.0 |
               +--------+--------+--------+--------+--------+-----+--------+

Top non-repeatable levels by time:
     D:6: 1759 daAuts
     D:2: 1164 daAuts
     D:1: 1002 daAuts
     D:4: 949 daAuts
     D:3: 680 daAuts
     D:5: 638 daAuts
 Ossuary: 550 daAuts
     D:7: 31 daAuts
